 Dungeon Crawl Stone Soup version 0.27.0-1-g7a089689b8 (webtiles) character file.

Game seed: 6237071180619704191

1677 ABBCCCDDDD the Ducker (level 8, -2/34 HPs)
             Began as a Felid Abyssal Knight on Aug 10, 2021.
             Was a Believer of Lugonu.
             Slain by a troll (7 damage)
             ... on level 12 of the Dungeon.
             The game lasted 01:38:05 (27250 turns).

ABBCCCDDDD the Ducker (Felid Abyssal Knight)       Turns: 27250, Time: 01:38:06

Health: -2/34      AC:  6    Str:  8    XL:     8   Next: 70%
Magic:  13/13      EV: 22    Int: 16    God:    Lugonu [**....]
Gold:   55         SH:  0    Dex: 18    Spells: 4/13 levels left
                                        Lives:  0   Deaths: 2

rFire    + . .     SeeInvis +     - Unarmed
rCold    . . .     Faith    .   (shield unavailable)
rNeg     . . .     Spirit   .   (armour unavailable)
rPois    .         Reflect  .   (helmet unavailable)
rElec    +         Harm     .   (cloak unavailable)
rCorr    .         Rampage  .   (gloves unavailable)
Will     +....                  (boots unavailable)
Stlth    +++++.....             s - amulet of the acrobat
HPRegen  0.11/turn              o - +4 ring of protection
MPRegen  0.13/turn              a - ring of protection from fire

@: quick
A: very small, claws 1, fangs 3, see invisible, speed 1, shaggy fur 2, stealthy
paws, no weapons or thrown items, no armour, multi-lived, thin skeletal
structure 1, electricity resistance, noise suppression
a: Renounce Religion, Depart the Abyss, Bend Space


You were on level 12 of the Dungeon.
You worshipped Lugonu.
Lugonu was pleased with you.
You visited 1 branch of the dungeon, and saw 12 of its levels.
You visited the Abyss 1 time.
You visited 1 bazaar.

You collected 744 gold pieces.
You spent 689 gold pieces at shops.

Inventory:

Jewellery
 a - a ring of protection from fire (right paw)
 l - a ring of wizardry
 m - an amulet of faith
 o - a +4 ring of protection (left paw)
 s - an amulet of the acrobat (around neck)
Wands
 k - a wand of polymorph (12)
 r - a wand of flame (5)
Scrolls
 d - a scroll of magic mapping
 g - 3 scrolls of amnesia
 n - a scroll of immolation
 p - a scroll of silence {unknown}
 q - a scroll of fear
 t - a scroll of teleportation
Potions
 b - a potion of attraction
 c - a potion of heal wounds
 h - a potion of might
 i - a potion of mutation
 j - 2 potions of flight {unknown}
 u - a potion of resistance


   Skills:
 - Level 3.0 Fighting
 + Level 7.3 Dodging
 - Level 7.3 Stealth
 - Level 4.6 Unarmed Combat
 + Level 3.0 Spellcasting
 - Level 3.0 Conjurations
 - Level 1.0 Summonings
 - Level 4.8 Translocations
 - Level 4.4 Fire Magic
 * Level 3.3 Poison Magic
 - Level 3.0 Invocations
 - Level 6.6 Evocations


You had 4 spell levels left.
You knew the following spells:

 Your Spells              Type           Power      Damage    Failure   Level
a - Teleport Other        Tloc           17%        N/A       8%          3
b - Summon Small Mammal   Summ           20%        N/A       12%         1
c - Conjure Flame         Conj/Fire      14%        6-21      12%         3
d - Poisonous Vapours     Pois/Air       14%        N/A       14%         2

Your spell library contained the following spells:

 Spells                   Type           Power      Damage    Failure   Level
 Apportation              Tloc           34%        N/A       2%          1
 Gell's Gravitas          Tloc           8%         N/A       8%          3
 Lesser Beckoning         Tloc           8%         N/A       8%          3
 Sting                    Tmut/Pois      28%        1d4       10%         1
 Animate Skeleton         Necr           4%         N/A       19%         1
 Corona                   Hex            2%         N/A       19%         1
 Ignite Poison            Fire/Tmut/Pois 10%        N/A       19%         3
 Sticky Flame             Conj/Fire      14%        2d4       38%         4
 Olgreb's Toxic Radiance  Pois           13%        N/A       43%         4
 Summon Lightning Spire   Summ/Air       4%         N/A       83%         4
 Cause Fear               Hex            1%         N/A       88%         4
 Dragon Form              Tmut           1%         N/A       100%        7
 Malign Gateway           Summ/Tloc      5%         N/A       100%        7
 Storm Form               Tmut/Air       1%         N/A       100%        7
 Summon Hydra             Summ           2%         N/A       100%        7
 Maxwell's Capacitive Co  Air            1%         ∞         100%        8
 Dragon's Call            Summ           2%         N/A       100%        9


Dungeon Overview and Level Annotations

Branches:
Dungeon (12/15)            Temple (0/1) D:7
   Lair: D:8-11         Orc: D:9-12

Altars:
Cheibriados
Fedhas
Okawaru
Ru
Trog
Xom

Shops:
D:4 *   D:6 [

Annotations:
D:7 Joseph
D:8 Psyche
D:10 exclusion: upstairs
D:12 Azrael


Innate Abilities, Weirdness & Mutations

You have sharp claws.
You have razor-sharp teeth.
You have supernaturally acute eyesight. (SInv)
You cover ground quickly. (Speed+)
You are covered in thick fur. (AC +2)
Your paws help you pounce on unaware monsters.
You are incapable of wielding weapons or throwing items.
You cannot wear armour.
You gain extra lives every three experience levels.
You have a somewhat thin skeletal structure. (Dex +2, Stealth+)
You are resistant to electric shocks. (rElec)
You passively dampen the noise of your surroundings.


Message History

There is an open door here.
There is an entrance to Qosoac's Antique Armour Emporium here.
You open the door.
There is an open door here.
You open the door.
Found Aqaurirr's Book Boutique.
There is an open door here.
There is an entrance to Aqaurirr's Book Boutique here.
You pick up a book of the Dragon and begin reading...
You add the spells Cause Fear, Dragon Form and Dragon's Call to your library.
Thank you for shopping at Aqaurirr's Book Boutique!
You open the door.
There is an open door here.
You open the door.
Found Gapytuma's Weapon Shoppe.
There is an open door here.
There is an entrance to Gapytuma's Weapon Shoppe here.
You open the door.
There is an open door here.
Done exploring.
Done exploring.
You open the door.
There is an open door here.
There is a large open door here.
There is a large open door here.
There is an empty arch of ancient stone here.
There is a gate leading back out of this place here.
Okay, then.
Welcome back to the Dungeon!
Level annotation: Azrael The troll barely misses you.
The troll claws you! x2
There is an empty arch of ancient stone here.
You see here the felid skeleton of ABBCCCDDDD.
Okay, then.
The troll bites you!
* * * LOW HITPOINT WARNING * * *
The troll completely misses you. The troll barely misses you.
There is an escape hatch in the ceiling here.
The troll misses you. The troll claws you!
You die...

#.#.#.#.#......).....##..l......
#.#.#.#.#........#..######.##.#
#.#.#.#.........#...#####.#
#.#.#.#..........#.....#.##h○
#.#.#.#...$.....?..####..E○○○R
#.#.#.#R#○...........#####...#.
#.#.#.#○#..○R.≈≈≈......## #.###
#######.#####≈≈≈≈≈......##$.#
#.# #≈≈@≈≈..........# #R#
#≈TE≈≈....#.....>
#.☼°##.°○>≈≈....#......
###○##°≈§≈≈≈....#..<...
°#..#≈≈≈..........
.......#..#.##..
#..####..#........ ##.#
##..#....... # # .....


You could see Azrael, a troll and a fire elemental.

Vanquished Creatures
  A two-headed ogre (D:10)
  Prince Ribbit (D:7)
  Sigmund (D:6)
  2 steam dragons
  Eustachio (D:4)
  Menkaure (D:4)
  Edmund (D:4)
  2 black bears (D:6)
  4 centaurs
  2 bullfrogs
  A scorpion (D:7)
  A water moccasin zombie (D:6)
  A wight (D:9)
  3 howler monkeys
  A centaur zombie (D:5)
  2 jellies
  3 centaur skeletons
  2 hounds (D:5)
  An iguana (D:5)
  A gnoll shaman (D:6)
  A bullfrog skeleton (D:4)
  Ijyb (D:3)
  6 orc wizards
  Natasha (thrice) (D:3)
  A hound zombie (D:5)
  2 howler monkey zombies
  Robin (D:3)
  11 gnolls
  8 adders
  2 shadow imps
  3 white imps
  3 worms (D:2)
  4 dart slugs
  12 orcs
  9 ball pythons
  6 endoplasms
  5 giant cockroaches
  20 goblins
  9 hobgoblins
  13 jackals
  4 quokkas
  3 bats
  3 frilled lizards (D:1)
  8 kobolds
  6 rats
176 creatures vanquished.

Vanquished Creatures (collateral kills)
  A centaur zombie (D:7)
  2 gnolls (D:7)
  An orc (D:7)
4 creatures vanquished.

Vanquished Creatures (others)
  A wizard (D:5)
  5 fungi (D:1)
  27 plants
33 creatures vanquished.

Grand Total: 213 creatures vanquished

Notes
Turn   | Place    | Note
-------+----------+-------------------------------------------
     0 | Abyss:1  | ABBCCCDDDD the Felid Abyssal Knight began the quest for the
                  | Orb.
     0 | Abyss:1  | Reached XP level 1. HP: 10/10 MP: 3/3
    69 | Abyss:1  | Noticed a ynoxinul
    97 | Abyss:1  | Noticed a thrashing horror
   101 | D:1      | Escaped the Abyss
   512 | D:1      | Reached skill level 1 in Stealth
   703 | D:1      | Reached XP level 2. HP: 14/14 MP: 4/4
  1181 | D:1      | Reached * piety under Lugonu
  1334 | D:1      | Found a faded altar of an unknown god.
  1771 | D:1      | Reached XP level 3. HP: 17/17 MP: 5/5
  5238 | D:3      | Reached XP level 4. HP: 21/21 MP: 6/6
  5403 | D:3      | Learned a level 3 spell: Teleport Other
  5468 | D:3      | Noticed Ijyb
  5781 | D:3      | Reached ** piety under Lugonu
  5811 | D:3      | Noticed Robin
  7496 | D:4      | Noticed Eustachio
  7811 | D:4      | Noticed Edmund
  7857 | D:4      | Noticed Natasha
  7870 | D:4      | Noticed Menkaure
 10135 | D:5      | Entered Level 5 of the Dungeon
 10157 | D:5      | Reached skill level 1 in Translocations
 10157 | D:5      | Reached XP level 5. HP: 15/24 MP: 7/7
 10618 | D:5      | Reached skill level 1 in Spellcasting
 10651 | D:5      | Got Vuzotydo's Incunabulum of Companions
 10654 | D:5      | Learned a level 1 spell: Summon Small Mammal
 10708 | D:5      | Reached skill level 5 in Stealth
 11642 | D:2      | Reached skill level 1 in Summonings
 11642 | D:2      | Gained mutation: You are covered in thick fur. (AC +2)
                  | [Felid growth]
 11642 | D:2      | Reached XP level 6. HP: 28/28 MP: 8/8
 11650 | D:2      | Reached skill level 1 in Evocations
 11874 | D:3      | Killed Robin
 12216 | D:5      | Noticed a sky beast
 14324 | D:3      | Killed Natasha
 14953 | D:5      | HP: 1/28 [poisoned by an orc]
 15000 | D:5      | Found a snail-covered altar of Cheibriados.
 15000 | D:5      | Found a sacrificial altar of Ru.
 15165 | D:6      | Noticed Sigmund
 15269 | D:7      | Noticed a steam dragon
 15330 | D:5      | Found a bloodstained altar of Trog.
 15331 | D:5      | Noticed a wizard
 15337 | D:5      | Killed a wizard
 15471 | D:3      | Noticed Natasha
 15755 | D:4      | Killed from afar by a gnoll
 15756 | D:4      | Reached XP level 5. HP: -5/24 MP: 9/9
 15770 | D:4      | Found Oxkoc's Elemental Accessories.
 15782 | D:4      | Bought a wand of iceblast (12) for 176 gold pieces
 15782 | D:4      | Bought a wand of flame (16) for 99 gold pieces
 15830 | D:3      | Killed Natasha
 15967 | D:3      | Noticed Natasha
 15970 | D:3      | Killed Natasha
 15971 | D:3      | Reached XP level 6. HP: 28/28 MP: 10/10
 16267 | D:4      | Killed Eustachio
 16271 | D:4      | Killed Edmund
 16272 | D:4      | Reached skill level 5 in Evocations
 16272 | D:4      | Reached XP level 7. HP: 31/31 MP: 11/11
 16554 | D:4      | Killed Menkaure
 17539 | D:6      | Killed Sigmund
 17540 | D:6      | Reached skill level 5 in Dodging
 17754 | D:6      | Reached XP level 8. HP: 15/34 MP: 12/12
 18684 | D:7      | Noticed Joseph
 19567 | D:6      | Found Wemuyh's Antique Armour Shoppe.
 19620 | D:7      | Found a staircase to the Ecumenical Temple.
 20830 | D:8      | Learned a level 3 spell: Conjure Flame
 20842 | D:7      | Noticed Prince Ribbit
 21078 | D:7      | Reached skill level 1 in Conjurations
 21078 | D:7      | Reached skill level 1 in Fire Magic
 22007 | D:7      | Gained mutation: You are resistant to electric shocks.
                  | (rElec) [potion of mutation]
 22007 | D:7      | Gained mutation: You have a somewhat thin skeletal
                  | structure. (Dex +2, Stealth+) [potion of mutation]
 22007 | D:7      | Gained mutation: You passively dampen the noise of your
                  | surroundings. [potion of mutation]
 22135 | D:7      | Found a shimmering altar of Xom.
 22144 | D:7      | Found an iron altar of Okawaru.
 23256 | D:8      | Noticed Psyche
 23733 | D:9      | Found a blossoming altar of Fedhas.
 24239 | D:3      | Killed Ijyb
 24708 | D:6      | Reached XP level 9. HP: 37/37 MP: 7/13
 25070 | D:7      | Killed Prince Ribbit
 25564 | D:10     | Entered Level 10 of the Dungeon
 25851 | D:10     | Learned a level 2 spell: Poisonous Vapours
 26537 | D:11     | Noticed an unseen horror
 26615 | D:10     | Reached skill level 1 in Poison Magic
 26629 | D:10     | Noticed a two-headed ogre
 26757 | D:10     | Killed a two-headed ogre
 26923 | D:11     | Noticed a manticore
 26931 | D:11     | Noticed a gargoyle
 26948 | D:12     | Found a flickering gateway to a bazaar.
 26948 | D:12     | Noticed an unseen horror
 26949 | D:12     | Noticed a komodo dragon
 26992 | D:12     | Noticed Azrael
 26998 | D:12     | Noticed a troll
 27006 | D:12     | Killed from afar by Azrael
 27007 | D:12     | Reached XP level 8. HP: -19/34 MP: 13/13
 27138 | Bazaar   | Entered a bazaar
 27142 | Bazaar   | Found Amaaf's Armour Boutique.
 27170 | Bazaar   | Found Qosoac's Antique Armour Emporium.
 27191 | Bazaar   | Found Aqaurirr's Book Boutique.
 27196 | Bazaar   | Bought a book of the Dragon for 414 gold pieces
 27211 | Bazaar   | Found Gapytuma's Weapon Shoppe.
 27250 | D:12     | Slain by a troll

Illustrated notes

Levels and vault maps discovered:
D:1:      doesnt_arrival_eight_statues, layout_basic,
          shapermc_ecumenical_altar_mp_urbaneastern
D:2:      minmay_chambers_of_ones, layout_basic, corexii_corridor_pit,
          grunt_ministairs_3, chequers_serial_rivers_micro_d, minmay_quantized
D:3:      layout_loops_ring, serial_aquarium, aquarium_bridge_square
          [aquarium_subvault_bridge, aquarium_subvault_window,
          aquarium_subvault_bridge, aquarium_subvault_wall],
          aquarium_window_corridor_2, aquarium_window_1, aquarium_window_fake,
          aquarium_view_2c, aquarium_balcony_3a, grunt_ministairs_15,
          grunt_decor_junction, glass_columns_c, chequers_big_river, uniq_robin,
          uniq_ijyb
D:4:      layout_layer_cave, nicolae_elemental_shop, kennysheep_big_empty_room,
          uniq_edmund, uniq_eustachio, uniq_natasha, uniq_menkaure
D:5:      layout_loops_ring, trog_wizard, gammafunk_temple_overflow_statue
D:6:      layout_basic, serial_shops, shop, uniq_sigmund
D:7:      layout_cave_pools, mainiacjoe_overflow_swirl,
          minmay_temple_entry_glass, serial_bayou_pond_e, minmay_misc_feat_chi,
          uniq_joseph, uniq_prince_ribbit1
D:8:      layout_layer_cave, hangedman_decor_clover_reticule,
          minmay_fire_ice_demons, uniq_psyche
D:9:      layout_roguey, lemuel_coloured_pillars_altar, hangedman_misty_isle
D:10:     layout_loops_ring
D:11:     gammafunk_wand_slinger, layout_gridville, lair_entry_dummy,
          kennysheep_orc_monster_closet_entryway
D:12:     layout_rooms, serial_shops, bzr_entry_islet, minivault_23,
          uniq_jorgrun, uniq_frances, uniq_erolcha, uniq_azrael

Skill      XL: |  1  2  3  4  5  6  7  8  9 |
---------------+----------------------------+-----
Stealth        | 1 2 4 5 6 7 |  7.3
Dodging        | 4 5 6 7 |  7.3
Unarmed Combat | 3 4 |  4.6
Invocations    | 2 3 |  3.0
Translocations | 1 2 4 |  4.8
Spellcasting   | 1 2 3 |  3.0
Summonings     | 1 |  1.0
Evocations     | 2 5 6 |  6.6
Conjurations   | 3 |  3.0
Fire Magic     | 3 4 |  4.4
Poison Magic   | 3 |  3.3
Fighting       | |  3.0

Action                   |  1- 3 |  4- 6 |  7- 9 || total
-------------------------+-------+-------+-------++-------
Melee: Unarmed           |   209 |   282 |   322 ||   813
       Bite              |    22 |    23 |    30 ||    75
       Punch             |       |     3 |     8 ||    11
 Cast: Summon Small Mamm |       |       |    42 ||    42
       Conjure Flame     |       |       |     7 ||     7
       Poisonous Vapours |       |       |    16 ||    16
Invok: Depart the Abyss  |     1 |       |       ||     1
       Bend Space        |       |     2 |       ||     2
Evoke: Wand              |       |    30 |    39 ||    69
  Use: Scroll            |       |    10 |     9 ||    19
       Potion            |       |     3 |     2 ||     5
 Stab: Sleeping          |     7 |    10 |     6 ||    23
       Distracted        |       |     1 |       ||     1
Armor: Skin              |     5 |    16 |    30 ||    51
Dodge: Dodged            |   124 |   223 |   357 ||   704
